Map: Blueshift LE

Players

Andy - Winner!

  • Race: Terran Terran
  • League: Silver
  • Spawn Location: 7:00

DarkTemplar

  • Race: Protoss Protoss
  • League: Silver
  • Spawn Location: 1:00

VOD

Have the link to the VOD?

Description

Time

  • Played on: Aug. 31, 2018, 2:12 a.m.
  • Length: 20:07
Show
View Real Time Build Order
Export as new Build Order

Andy Terran - Winner!

Build Orders:  

Get SALT Encoding   

  12  0:11  Supply Depot  
  12  0:19  Supply Depot  
  12  0:24  SCV  
  13  0:39  Barracks  
  13  0:43  SCV  
  14  0:55  SCV  
  15  1:08  SCV  
  16  1:14  Refinery  
  16  1:16  Refinery  
  16  1:20  SCV  
  17  1:32  SCV  
  18  1:44  SCV  
  19  1:48  Barracks  
  19  1:56  SCV  
  20  2:02  Barracks Tech Lab  
  20  2:03  Supply Depot  
  20  2:08  SCV  
  21  2:20  SCV  
  22  2:32  SCV  
  23  2:41  Command Center  
  23  2:44  SCV  
  23  2:45  Barracks Tech Lab  
  23  2:48  Reaper  
  25  2:56  SCV  
  26  3:08  SCV, Reaper  
  28  3:18  Engineering Bay  
  28  3:20  Reaper  
  28  3:21  SCV  
  30  3:33  SCV  
  31  3:40  Reaper  
  32  3:45  SCV  
  33  3:53  Reaper  
  34  3:59  Concussive Shells  
  33  4:12  Reaper  
  34  4:17  Factory x2  
  34  4:23  Planetary Fortress  
  34  4:25  Marauder  
  36  4:44  Marauder, Orbital Command  
  38  4:46  Marauder  
  40  5:02  Refinery  
  40  5:04  Refinery  
  40  5:12  Hi-Sec Auto Tracking  
  40  5:15  Factory Tech Lab x2  
  40  5:33  Missile Turret x2  
  40  5:38  SCV  
  41  5:50  SCV  
  41  5:51  Missile Turret  
  41  5:54  Missile Turret  
  42  5:57  Missile Turret  
  42  5:58  Missile Turret  
  42  6:02  SCV  
  41  6:14  SCV  
  41  6:18  Missile Turret  
  42  6:23  Missile Turret  
  42  6:27  Siege Tank x2, SCV  
  49  6:47  Missile Turret  
  49  6:50  Engineering Bay, SCV  
  50  6:54  SCV  
  50  6:59  Siege Tank  
  50  7:00  Siege Tank  
  57  7:02  SCV  
  58  7:11  Missile Turret  
  58  7:14  SCV  
  59  7:19  SCV  
  60  7:26  SCV  
  61  7:31  Siege Tank, SCV  
  61  7:32  Siege Tank  
  61  7:37  Armory  
  68  7:38  SCV  
  68  7:40  Armory  
  69  7:48  Armory  
  69  7:50  SCV  
  70  8:00  Barracks  
  70  8:03  SCV  
  71  8:07  Barracks  
  71  8:13  Barracks  
  71  8:15  SCV  
  71  8:19  Supply Depot, Terran Infantry Weapons Level 1  
  72  8:20  Terran Infantry Armor Level 1  
  73  8:27  SCV  
  73  8:40  Command Center  
  73  8:45  Smart Servos  
  73  8:46  Drilling Claws  
  73  8:51  Terran Vehicle And Ship Armor Level 1, Terran Ship Weapons Level 1  
  73  8:53  Terran Vehicle Weapons Level 1  
  73  9:01  Marine  
  73  9:02  Marine x2  
  76  9:19  Marine x3  
  79  9:33  Starport  
  79  9:37  Marine x3  
  79  9:38  Starport  
  82  9:39  Starport  
  82  9:40  Starport  
  82  9:47  Starport  
  82  9:55  Marine  
  82  9:57  SCV x2  
  78  10:09  SCV x2  
  78  10:20  Missile Turret, Starport Tech Lab  
  78  10:21  Starport Tech Lab x3, SCV  
  77  10:22  SCV  
  77  10:23  Missile Turret  
  79  10:31  Siege Tank  
  79  10:32  Siege Tank  
  79  10:33  SCV  
  79  10:34  SCV  
  87  10:42  Missile Turret  
  87  10:48  Marauder x2  
  91  11:03  Siege Tank  
  93  11:09  Marauder  
  79  11:22  Viking x4  
  85  11:47  Missile Turret  
  85  11:52  Viking  
  85  11:54  Missile Turret, Viking x2  
  91  11:55  Missile Turret, Viking  
  91  11:57  Missile Turret  
  91  11:59  SCV  
  94  12:11  SCV  
  94  12:15  Refinery  
  95  12:23  SCV  
  95  12:25  Refinery  
  96  12:35  SCV  
  87  12:48  SCV  
  88  13:00  SCV  
  89  13:12  SCV  
  84  13:21  Viking x2  
  84  13:22  Viking x3  
  94  13:38  SCV  
  94  13:40  Supply Depot  
  95  13:42  Barracks x2  
  95  13:45  Barracks  
  95  13:49  Cloaking Field  
  95  13:50  Hyperflight Rotors, SCV  
  95  13:51  Viking x2  
  100  14:01  Viking x3  
  107  14:02  SCV  
  107  14:14  SCV  
  93  14:19  Missile Turret  
  93  14:21  Missile Turret  
  81  14:26  Viking  
  81  14:27  SCV, Viking  
  123  14:31  Viking  
  88  14:40  Missile Turret  
  88  14:41  Supply Depot  
  88  14:42  Missile Turret  
  88  14:43  Supply Depot  
  88  14:44  Raven x2  
  86  14:56  Raven  
  88  15:03  Missile Turret  
  88  15:16  Planetary Fortress  
  88  15:20  Supply Depot  
  88  15:21  Supply Depot x2  
  88  15:22  Supply Depot  
  82  15:40  Banshee x4  
  93  16:10  Command Center  
  93  16:12  Siege Tank x2  
  99  16:23  Banshee  
  102  16:44  Siege Tank  
  102  16:45  Siege Tank  
  106  17:16  Siege Tank  
  106  17:17  Siege Tank, SCV, Barracks  
  106  17:20  Barracks  
  106  17:22  Barracks  
  113  17:29  SCV  
  114  17:36  Refinery  
  114  17:40  Banshee x2  
  114  17:41  Banshee x2, SCV  
  114  17:42  Refinery, Starport Tech Lab  
  127  17:49  Siege Tank  
  130  17:53  SCV  
  128  18:06  SCV  
  129  18:13  Banshee  
  132  18:23  Banshee x3  
  132  18:24  Banshee  
  135  18:54  Supply Depot  
  135  18:55  Supply Depot x2  
  135  18:56  Supply Depot, Banshee  
  135  18:58  Supply Depot  
  135  19:02  SCV  
  139  19:06  Banshee x4  
Show
View Real Time Build Order
Export as new Build Order

DarkTemplar Protoss 

Build Orders:  

Get SALT Encoding   

  12  0:01  Probe  
  13  0:13  Probe  
  14  0:18  Pylon  
  14  0:25  Probe  
  15  0:39  Probe  
  16  0:44  Gateway  
  16  0:47  Assimilator, Probe  
  16  0:55  Probe  
  18  1:08  Probe  
  18  1:10  Pylon  
  19  1:33  Cybernetics Core  
  19  1:37  Probe, Pylon  
  20  1:47  Warp Gate  
  20  1:50  Probe  
  21  1:57  Gateway  
  21  2:12  Stalker  
  23  2:26  Assimilator, Probe  
  24  2:49  Robotics Facility  
  24  2:50  Probe  
  25  2:53  Pylon  
  25  3:03  Stalker  
  27  3:20  Stalker  
  27  3:22  Nexus  
  27  3:24  Pylon  
  27  3:26  Probe  
  30  3:37  Observer  
  30  3:38  Forge  
  30  3:40  Probe, Pylon  
  32  3:52  Probe  
  33  4:06  Shield Battery  
  33  4:12  Probe  
  33  4:16  Gateway  
  34  4:25  Observer  
  34  4:26  Probe, Pylon  
  36  4:38  Probe  
  36  4:39  Probe, Pylon  
  38  4:55  Immortal  
  38  5:00  Photon Cannon  
  42  5:28  Robotics Bay  
  42  5:30  Probe x2  
  42  5:31  Pylon  
  42  5:33  Assimilator  
  44  5:36  Pylon  
  44  5:37  Assimilator  
  44  5:42  Probe x2  
  46  5:47  Protoss Ground Weapons Level 1  
  46  5:58  Gateway  
  46  5:59  Probe x2  
  46  6:01  Gateway  
  43  6:24  Colossus  
  43  6:27  Stalker  
  43  6:28  Stalker x2  
  43  6:30  Probe  
  56  6:42  Probe  
  57  6:52  Probe  
  58  6:54  Probe  
  59  7:12  Probe x2, Colossus  
  61  7:19  Extended Thermal Lance, Stalker  
  61  7:20  Stalker  
  61  7:22  Nexus  
  65  7:24  Pylon  
  65  7:27  Pylon  
  65  7:29  Assimilator  
  71  7:47  Probe x2  
  73  7:55  Pylon  
  73  7:59  Probe, Pylon  
  73  8:00  Probe  
  73  8:03  Pylon  
  75  8:07  Stargate  
  75  8:17  Protoss Ground Armor Level 1  
  75  8:22  Observer  
  76  8:41  Robotics Facility  
  76  8:44  Pylon  
  76  8:45  Colossus  
  76  8:46  Twilight Council  
  76  8:49  Photon Cannon  
  76  8:51  Pylon  
  82  8:56  Stalker x2  
  82  8:57  Stalker  
  82  9:01  Phoenix  
  90  9:09  Probe x2  
  92  9:10  Probe  
  92  9:11  Shield Battery  
  93  9:21  Colossus  
  93  9:31  Colossus  
  105  10:06  Pylon  
  97  10:18  Gateway  
  97  10:32  Colossus x2  
  97  10:34  Probe x3  
  112  10:37  Gateway  
  112  10:38  Assimilator  
  112  10:42  Pylon  
  112  10:44  Pylon  
  112  10:46  Probe  
  112  10:48  Gateway  
  112  10:49  Gateway  
  107  11:12  Protoss Ground Weapons Level 2  
  107  11:18  Colossus x2  
  109  11:34  Gravitic Drive  
  109  11:48  Pylon  
  109  11:51  Pylon  
  109  11:52  Charge  
  109  11:53  Stalker x2  
  109  11:54  Stalker  
  115  11:55  Stalker  
  115  11:56  Stalker  
  115  11:57  Zealot  
  115  11:58  Zealot x2  
  115  11:59  Zealot  
  127  12:09  Colossus  
  133  12:24  Gravitic Boosters  
  133  12:25  Nexus  
  133  12:27  Assimilator  
  133  12:32  Assimilator  
  105  12:45  Stalker x2  
  105  12:46  Stalker  
  105  12:47  Stalker x2  
  105  12:49  Stalker  
  105  12:50  Stalker x2  
  109  12:51  Stalker  
  82  13:23  Stalker  
  82  13:24  Stalker  
  82  13:25  Zealot x2  
  82  13:26  Zealot x2  
  94  13:27  Zealot x2  
  94  13:28  Protoss Ground Armor Level 2, Zealot  
  100  13:35  Probe  
  100  13:36  Probe x3  
  104  13:48  Probe x3  
  107  13:49  Colossus  
  92  14:21  Zealot  
  92  14:22  Zealot x3  
  92  14:23  Zealot x2  
  86  14:24  Zealot x2  
  86  14:25  Zealot  
  68  15:05  Stalker x2  
  68  15:06  Stalker  
  74  15:07  Zealot  
  74  15:08  Zealot x2  
  74  15:09  Zealot x2  
  74  15:10  Zealot  
  72  15:38  Stalker x2  
  72  15:39  Stalker  
  72  15:40  Stalker  
  72  15:41  Stalker x2  
  72  15:42  Stalker x2  
  86  15:43  Stalker  
  86  15:45  Probe x4  
  88  16:25  Stalker  
  90  16:26  Stalker  
  90  16:27  Stalker x2  
  90  16:28  Stalker x2  
  90  16:29  Stalker x2  
  90  16:30  Stalker  
  80  17:08  Zealot x2  
  62  17:09  Zealot x2  
  62  17:10  Zealot x2  
  62  17:11  Zealot x2  
  62  17:12  Zealot  
  59  17:37  Stalker x2  
  59  17:38  Stalker  
  59  17:40  Stalker x2  
  59  17:41  Stalker x2  
  68  17:52  Stalker  
  68  17:53  Stalker  
  72  18:04  Observer  
  72  18:05  Observer  
  68  18:16  Probe x3  
  65  18:27  Stalker  
  65  18:28  Probe x3, Stalker x2  
  65  18:29  Stalker x2  
  65  18:30  Stalker  
  78  18:51  Probe x3  
  81  19:03  Probe x3  
  84  19:15  Probe x2  
Tags
 
Add a new tag
Caveats
  • Supply blocks, unpowered buildings, or Contaminate may cause inaccurate times.
  • Supply counts are checked every 10 seconds.